 Dungeon Crawl Stone Soup version 0.29-a0-1065-g47a6bb87d6 (webtiles) character file.

Game seed: 8312386460531103793

49332 nickcage the Bludgeoner (level 14, 0/130 HPs)
             Began as a Minotaur Abyssal Knight on Aug 18, 2022.
             Was the Champion of Lugonu.
             Slain by a black mamba (13 damage)
             ... on level 5 of the Lair of Beasts.
             The game lasted 00:46:52 (20448 turns).

nickcage the Bludgeoner (Minotaur Abyssal Knight)  Turns: 20448, Time: 00:46:53

Health: 0/130      AC: 21    Str: 29    XL:     14   Next: 15%
Magic:  17/17      EV:  8    Int:  7    God:    Lugonu [******]
Gold:   1015       SH:  0    Dex: 11    Spells: 13/13 levels left

rFire   . . .      SeeInvis .   m - +9 eveningstar (distort)
rCold   . . .      Faith    .   (no shield)
rNeg    . . .      Spirit   .   U - +0 plate armour
rPois   .          Reflect  .   (helmet restricted)
rElec   .          Harm     .   E - +0 cloak
rCorr   .          Rampage  .   h - +0 pair of gloves
Will    +....                   l - +0 pair of boots
Stlth   ..........              y - amulet of the acrobat
HPRegen 0.31/turn               g - +4 ring of slaying
MPRegen 0.15/turn               D - +6 ring of strength

@: lethally poisoned (0 -> -44)
A: horns 2, retaliatory headbutt
a: Renounce Religion, Depart the Abyss, Bend Space, Banish, Corrupt, Enter the
Abyss


You were on level 5 of the Lair of Beasts.
You worshipped Lugonu.
Lugonu was exalted by your worship.
You visited 2 branches of the dungeon, and saw 16 of its levels.
You visited the Abyss 1 time.

You collected 1080 gold pieces.
You spent 65 gold pieces at shops.

Inventory:

Hand Weapons
 m - a +9 eveningstar of distortion (weapon)
 F - a +2 hammer of protection
 G - a +1 morningstar of protection
 V - a +2 morningstar of holy wrath
Missiles
 w - 11 boomerangs
 X - 11 curare-tipped darts (quivered)
Armour
 h - a +0 pair of gloves (worn)
 l - a +0 pair of boots (worn)
 E - a +0 cloak (worn)
 U - a +0 plate armour (worn)
Jewellery
 g - a +4 ring of slaying (left hand)
 p - a ring of protection from fire
 v - a +4 ring of protection
 y - an amulet of the acrobat (around neck)
 D - a +6 ring of strength (right hand)
 L - a +4 ring of evasion
 M - a +6 ring of strength
 T - a ring of protection from fire
 Z - a ring of positive energy
Wands
 c - a wand of flame (15)
 q - a wand of iceblast (6)
 z - a wand of acid (3)
 A - a wand of mindburst (17)
 B - a wand of polymorph (10)
 J - a wand of digging (3)
 O - a wand of paralysis (18)
Scrolls
 d - 5 scrolls of noise
 f - 6 scrolls of magic mapping
 u - 5 scrolls of teleportation
 H - 4 scrolls of fog
 I - 2 scrolls of amnesia
 P - a scroll of fear
 Q - a scroll of identify
Potions
 a - a potion of mutation
 b - a potion of invisibility
 e - a potion of cancellation
 i - 5 potions of lignification
 j - 4 potions of curing
 k - 2 potions of heal wounds
 n - 2 potions of ambrosia
 o - 2 potions of resistance
 s - 11 potions of attraction
 t - 2 potions of berserk rage
 x - 2 potions of might
 C - 2 potions of degeneration {unknown}
 K - a potion of magic {unknown}
 N - 3 potions of flight
 W - 2 potions of haste
Miscellaneous
 r - a phial of floods


   Skills:
 - Level 13.7 Fighting
 * Level 20.7 Maces & Flails
 - Level 1.0 Throwing
 - Level 15.2 Armour
 - Level 1.1 Dodging
 - Level 5.3 Invocations


You had 13 spell levels left.
You didn't know any spells.
Your spell library contained the following spells:

 Spells                   Type           Power      Damage    Failure   Level
 Shock                    Conj/Air       0%         1d3       95%         1
 Sting                    Tmut/Pois      0%         1d3       95%         1
 Poisonous Vapours        Pois/Air       0%         N/A       98%         2
 Frozen Ramparts          Ice            0%         1d1       100%        3
 Swiftness                Air            0%         N/A       100%        3
 Airstrike                Air            0%         2d(0-16)  100%        4
 Animate Armour           Summ/Erth      0%         N/A       100%        4
 Ice Form                 Ice/Tmut       0%         N/A       100%        4
 Olgreb's Toxic Radiance  Pois           0%         N/A       100%        4
 Summon Ice Beast         Ice/Summ       0%         N/A       100%        4
 Summon Lightning Spire   Summ/Air       0%         N/A       100%        4
 Blade Hands              Tmut           0%         N/A       100%        5
 Lightning Bolt           Conj/Air       0%         1d11      100%        5
 Iron Shot                Conj/Erth      0%         9d1       100%        6
 Borgnjor's Revivificati  Necr           0%         N/A       100%        8
 Necromutation            Tmut/Necr      0%         N/A       100%        8
 Death's Door             Necr           0%         N/A       100%        9


Dungeon Overview and Level Annotations

Branches:
Dungeon (11/15)            Temple (0/1) D:5            Lair (5/5) D:11
  Swamp (0/4) Lair:3        Snake (0/4) Lair:2        Slime (0/5) Lair:4
    Orc: D:9-12

Altars:
Ashenzari
Cheibriados
Dithmenos
Elyvilon
Fedhas
Hepliaklqana
Kikubaaqudgha
Makhleb
Nemelex Xobeh
Okawaru
Qazlal
Ru
Uskayaw
Vehumet
Zin
The Shining One

Shops:
D:8 ?   D:11 !(

Annotations:
D:9 2 transporters, nickcage's ghost, novice MiAK
Lair:4 exclusion: 2 oklob plants


Innate Abilities, Weirdness & Mutations

You have a pair of horns on your head.
You reflexively headbutt those who attack you in melee.


Message History

The black mamba barely misses you.
The komodo dragon bites you but does no damage.
You bludgeon the basilisk!!
Space warps horribly around the basilisk!
The basilisk is almost dead.
The black mamba bites you but does no damage.
The basilisk bites you but does no damage.
You closely miss the basilisk.
The basilisk is almost dead.
The black mamba bites you! The komodo dragon bites you!
You bludgeon the basilisk!!
You kill the basilisk!
Lugonu accepts your kill. The black mamba bites you!
You are poisoned.
The black mamba poisons you! The komodo dragon bites you!
* * * LOW HITPOINT WARNING * * *
You feel very sick. The black mamba barely misses you.
You feel very sick. The black mamba misses you. You furiously retaliate!
You headbutt the black mamba! The black mamba bites you!
* * * LOW HITPOINT WARNING * * *
You are lethally poisoned!
The black mamba poisons you!
You miss the black mamba. Your headbutt misses the black mamba.
The black mamba is moderately wounded.
* * * LOW HITPOINT WARNING * * *
You feel very sick. The black mamba barely misses you. You furiously retaliate!
You headbutt the black mamba!
You feel much better.
* * * LOW HITPOINT WARNING * * *
You feel extremely sick. The black mamba bites you.
* * * LOW HITPOINT WARNING * * *
You are more poisoned.
The black mamba poisons you! The komodo dragon closely misses you.
The black mamba bites you!
You die...

......## ≈≈≈ ##.
.<.....# #.≈≈ ##
......## # # ###....
....### ≈≈ 8#.#.....
.....## #§ ##........
......# #≈≈ #8)†......
........# #≈≈ ##........
.##.#...# #≈§#lS.......
.# #..### ###§§@#...^...
.# .#######8##§§#.......
### .#
#8#8..#..###≈≈≈..# ..#
##......≈.≈§≈≈≈≈## .##
####......#≈§§§≈≈≈≈#
.####.........≈≈.######≈
..#..†......#≈≈.##
##........##≈≈≈.#
#.####........§§#.


You could see a komodo dragon and a black mamba.

Vanquished Creatures
  Nessos (Lair:3)
  Josephine (Lair:5)
  Fannar (Lair:3)
  6 hydras
  Erica (D:8)
  2 catoblepae
  A two-headed ogre (D:9)
  Urug (Lair:2)
  Sonja (Lair:1)
  Nergalle (Lair:3)
  A skeletal warrior (D:11)
  A wizard (D:11)
  Pikel (D:8)
  2 manticores (D:11)
  A cyclops (D:11)
  15 elephants (Lair:5)
  3 black mambas
  5 molten gargoyles
  11 cane toads
  A torpor snail (Lair:1)
  2 rime drakes (Lair:3)
  A gargoyle (D:10)
  2 unseen horrors
  A kobold demonologist (D:10)
  A yaktaur (D:11)
  11 komodo dragons
  A queen bee (D:11)
  5 trolls
  3 polar bears
  A meliai (D:11)
  2 hornets
  Grinder (D:6)
  A blink frog (Lair:1)
  2 shadows (D:11)
  47 yaks
  A centaur simulacrum (D:11)
  3 water elementals (D:11)
  5 wraiths
  Eustachio (D:6)
  4 wyverns
  3 vampire mosquitoes (D:7)
  3 basilisks
  An acid dragon (D:11)
  4 nagas (Lair:2)
  2 hell hounds (Lair:5)
  13 water moccasins
  5 orc warriors
  2 sky beasts
  A black bear (Lair:3)
  An ice beast (D:7)
  12 wolves
  2 ogres
  3 centaurs
  2 kobold brigands
  2 lemures (D:8)
  A phantom (D:5)
  Blork the orc (D:6)
  3 necrophages
  13 bullfrogs
  2 scorpions
  8 wights
  33 killer bees
  4 electric eels
  4 howler monkeys
  A lava snake (D:9)
  4 hounds
  4 jellies
  4 orc priests
  A gnoll bouda (D:9)
  Crazy Yiuf (D:6)
  5 iguanas
  4 orc wizards
  A hell rat (Lair:3)
  7 gnolls
  5 adders
  2 shadow imps
  A white imp (D:6)
  2 worms
  21 orcs
  6 ball pythons
  5 endoplasms
  A giant cockroach (D:4)
  11 goblins
  4 hobgoblins
  9 jackals
  18 kobolds
  4 quokkas
  3 bats
  3 frilled lizards
  4 rats (D:1)
408 creatures vanquished.

Vanquished Creatures (collateral kills)
  A meliai (D:11)
  A killer bee (D:11)
2 creatures vanquished.

Vanquished Creatures (others)
  12 fungi
  33 plants
45 creatures vanquished.

Grand Total: 455 creatures vanquished

Notes
Turn   | Place    | Note
-------+----------+-------------------------------------------
     0 | Abyss:1  | nickcage the Minotaur Abyssal Knight began the quest for
                  | the Orb.
     0 | Abyss:1  | Reached XP level 1. HP: 19/19 MP: 1/1
     1 | D:1      | Escaped the Abyss
    54 | D:1      | Reached skill level 3 in Maces & Flails
   162 | D:1      | Reached XP level 2. HP: 26/26 MP: 2/2
   405 | D:1      | Reached skill level 4 in Maces & Flails
   703 | D:1      | Found a faded altar of an unknown god.
   827 | D:2      | Found an ancient bone altar of Kikubaaqudgha.
   863 | D:2      | Reached *** piety under Lugonu
   959 | D:2      | Reached XP level 3. HP: 24/31 MP: 3/3
  1624 | D:3      | Reached skill level 5 in Maces & Flails
  1700 | D:3      | Reached XP level 4. HP: 14/39 MP: 4/4
  2169 | D:3      | Reached skill level 6 in Maces & Flails
  2308 | D:3      | Found a sparkling altar of Nemelex Xobeh.
  2400 | D:3      | Reached XP level 5. HP: 39/45 MP: 5/5
  2741 | D:4      | Found a sacrificial altar of Ru.
  2744 | D:4      | Found a hide-covered altar of Uskayaw.
  2745 | D:4      | Found a glowing golden altar of the Shining One.
  2747 | D:4      | Reached skill level 7 in Maces & Flails
  2747 | D:4      | Found a broken altar of Ashenzari.
  2747 | D:4      | Found a stormy altar of Qazlal.
  2747 | D:4      | Found a burning altar of Makhleb.
  2747 | D:4      | Found a white marble altar of Elyvilon.
  2749 | D:4      | Found an ancient bone altar of Kikubaaqudgha.
  2750 | D:4      | Found a glowing silver altar of Zin.
  2751 | D:4      | Found a snail-covered altar of Cheibriados.
  2752 | D:4      | Found a shadowy altar of Dithmenos.
  2811 | D:4      | Noticed an ogre
  2851 | D:4      | Killed an ogre
  2852 | D:4      | Reached XP level 6. HP: 51/51 MP: 6/6
  2856 | D:4      | Reached **** piety under Lugonu
  2857 | D:4      | Reached skill level 8 in Maces & Flails
  2959 | D:4      | Found an iron altar of Okawaru.
  3243 | D:5      | Entered Level 5 of the Dungeon
  3294 | D:5      | Reached skill level 9 in Maces & Flails
  3311 | D:5      | Reached XP level 7. HP: 43/57 MP: 7/7
  3476 | D:5      | Reached skill level 10 in Maces & Flails
  3693 | D:5      | Found a staircase to the Ecumenical Temple.
  4050 | D:6      | Noticed Eustachio
  4068 | D:6      | Killed Eustachio
  4069 | D:6      | Reached skill level 11 in Maces & Flails
  4069 | D:6      | Reached XP level 8. HP: 52/64 MP: 8/8
  4221 | D:6      | Reached skill level 12 in Maces & Flails
  4221 | D:6      | Reached skill level 1 in Throwing
  4383 | D:6      | Noticed Blork the orc
  4389 | D:6      | Killed Blork the orc
  4455 | D:6      | Noticed Grinder
  4456 | D:6      | Paralysed by Grinder for 4 turns
  4470 | D:6      | Killed Grinder
  4471 | D:6      | Reached skill level 13 in Maces & Flails
  4661 | D:6      | Found a runed translucent door.
  4662 | D:6      | Noticed Crazy Yiuf
  4667 | D:6      | Killed Crazy Yiuf
  4853 | D:6      | Reached ***** piety under Lugonu
  5159 | D:7      | Reached XP level 9. HP: 68/70 MP: 9/9
  5284 | D:7      | Reached skill level 14 in Maces & Flails
  5592 | D:7      | Paralysed by a hornet for 2 turns
  5596 | D:7      | Reached skill level 15 in Maces & Flails
  6273 | D:8      | Noticed Pikel
  6280 | D:8      | Killed Pikel
  6281 | D:8      | Reached skill level 16 in Maces & Flails
  6307 | D:8      | Reached XP level 10. HP: 75/80 MP: 10/10
  6514 | D:8      | Found Tebbap's Magic Scroll Shoppe.
  6580 | D:8      | Reached skill level 5 in Fighting
  6584 | D:8      | Noticed Erica
  6593 | D:8      | Killed Erica
  6594 | D:8      | Reached skill level 5 in Armour
  6725 | D:8      | Found a radiant altar of Vehumet.
  7254 | D:9      | Found a transporter.
  7254 | D:9      | Noticed nickcage's ghost (novice MiAK)
  7260 | D:9      | Noticed a two-headed ogre
  7631 | D:9      | Found a transporter.
  7886 | D:9      | Killed a two-headed ogre
  8045 | D:9      | Found a blossoming altar of Fedhas.
  8648 | D:9      | Noticed a molten gargoyle
  8649 | D:9      | Noticed a molten gargoyle
  8662 | D:9      | Killed a molten gargoyle
  8663 | D:9      | Reached XP level 11. HP: 41/92 MP: 13/13
  9174 | D:9      | Reached skill level 10 in Armour
  9596 | D:10     | Entered Level 10 of the Dungeon
 10009 | D:10     | Reached skill level 5 in Invocations
 10221 | D:10     | Found a hazy altar of Hepliaklqana.
 10590 | D:11     | Found Zypnit's Antique Weapon Shoppe.
 10751 | D:11     | Found a staircase to the Lair.
 10931 | D:11     | Noticed a wizard
 10951 | D:11     | Reached skill level 10 in Fighting
 10967 | D:11     | Killed a wizard
 10971 | D:11     | Reached XP level 12. HP: 29/106 MP: 14/14
 11490 | D:11     | Reached ****** piety under Lugonu
 11902 | D:11     | Noticed an eight-headed hydra
 11906 | D:11     | Killed an eight-headed hydra
 12205 | D:11     | Found Myaric's Distillery.
 12243 | D:11     | Bought a potion of berserk rage for 65 gold pieces
 12278 | D:11     | Identified the amulet "Dileuv" {RegenMP rF+ Int+2}
 12340 | Lair:1   | Entered Level 1 of the Lair of Beasts
 12746 | Lair:1   | Noticed an eight-headed hydra
 12757 | Lair:1   | Killed an eight-headed hydra
 13462 | Lair:1   | Noticed a four-headed hydra
 13478 | Lair:1   | Killed a four-headed hydra
 13942 | Lair:1   | Noticed Sonja
 13951 | Lair:1   | Killed Sonja
 14890 | Lair:2   | Reached XP level 13. HP: 40/122 MP: 15/15
 15178 | Lair:2   | Reached skill level 15 in Armour
 15583 | Lair:2   | Noticed Urug
 15596 | Lair:2   | Killed Urug
 15963 | Lair:2   | Found a staircase to the Snake Pit.
 16106 | Lair:3   | Noticed Nergalle
 16119 | Lair:3   | Killed Nergalle
 16120 | Lair:3   | Reached skill level 17 in Maces & Flails
 16296 | Lair:3   | Noticed Nessos
 16307 | Lair:3   | Killed Nessos
 16767 | Lair:3   | Reached skill level 18 in Maces & Flails
 16851 | Lair:3   | Found a staircase to the Swamp.
 16915 | Lair:3   | Noticed Fannar
 16921 | Lair:3   | Killed Fannar
 18010 | Lair:4   | Found a staircase to the Slime Pits.
 19043 | Lair:5   | Entered Level 5 of the Lair of Beasts
 19100 | Lair:5   | Reached skill level 19 in Maces & Flails
 19415 | Lair:4   | Identified a +9 eveningstar of distortion (a +7 eveningstar
                  | corrupted by Lugonu)
 19415 | Lair:4   | Received a gift from Lugonu
 19620 | Lair:5   | Noticed Josephine
 19631 | Lair:5   | Killed Josephine
 19632 | Lair:5   | Reached skill level 20 in Maces & Flails
 19737 | Lair:5   | Reached XP level 14. HP: 125/130 MP: 17/17
 20448 | Lair:5   | Slain by a black mamba

Illustrated notes

Levels and vault maps discovered:
D:1:      evilmike_arrival_plus, layout_basic,
          dreamdust_ecumenical_altar_angels_and_demons
D:2:      layout_loops_corners, basic_altar
D:3:      layout_rooms, nicolae_overflow_hidden_temple, serial_curves,
          eino_curves_03, eino_curves_02
D:4:      layout_basic, minitemple, okawaru_trees_1
D:5:      layout_basic, minmay_temple_entry_hall
D:6:      layout_loops_ring, grunt_ministairs_9, uniq_eustachio,
          uniq_crazy_yiuf_cottage, uniq_blork_the_orc, uniq_grinder
D:7:      layout_loops_corners, minmay_misc_feat_diagonals
D:8:      layout_loops_ring, lemuel_crystal_altar, serial_shops,
          nicolae_shop_statue_plus, minmay_door_square,
          kennysheep_generic_room_11, uniq_pikel, uniq_erica
D:9:      layout_loops_ring, fedhas_altar_3, gammafunk_ghost_hive, st_stairs_8,
          minivault_8
D:10:     layout_roguey, kennysheep_little_box
D:11:     regret_index_combs_of_tragedy, layout_irregular_city,
          erik_lair_island, serial_shops, shop, nicolae_shop_hallway_plus,
          minivault_4
Lair:1:   wad_woods_structure_01, layout_layer_cave, uniq_sonja
Lair:2:   layout_cave_shapes, minmay_snake_entry_guardpost_medium,
          lemuel_fruit_fields, uniq_urug
Lair:3:   layout_loops_ring, swamp_mist_pool, hangedman_lair_unloving_vines,
          st_stairs_7, grunt_megastairs_3, uniq_fannar, uniq_nessos,
          uniq_nergalle
Lair:4:   layout_cave_pods, minmay_slime_entry_oklob_open, serial_bayou_shore_a
Lair:5:   cheibrodos_lair_end_hotspot, layout_cave_pods,
          ebering_ghost_rock_garden, grunt_forest_small_clearing_treed,
          lemuel_fruit_tree, uniq_josephine

Skill      XL: |  1  2  3  4  5  6  7  8  9 10 11 12 13 |
---------------+----------------------------------------+-----
Maces & Flails | 3 4 5 6 7 9 11 13 16 20 | 20.7
Throwing       | 1 |  1.0
Invocations    | 2 4 5 |  5.3
Fighting       | 4 7 10 13 | 13.7
Armour         | 3 8 12 14 15 | 15.2
Dodging        | |  1.1

Action                   |  1- 3 |  4- 6 |  7- 9 | 10-12 | 13-15 || total
-------------------------+-------+-------+-------+-------+-------++-------
Melee: Mace              |    77 |    37 |    10 |       |       ||   124
       Headbutt          |    11 |    21 |    29 |   146 |    65 ||   272
       Punch             |     1 |       |     1 |     9 |     4 ||    15
       Flail             |       |    45 |    85 |       |       ||   130
       Morningstar       |       |       |    71 |   557 |    62 ||   690
       Eveningstar       |       |       |       |       |   219 ||   219
Throw: Boomerang         |       |     2 |     3 |    23 |       ||    28
       Dart              |       |       |       |     3 |     3 ||     6
Invok: Bend Space        |       |       |       |       |     1 ||     1
       Brand Weapon With |       |       |       |       |     1 ||     1
  Use: Scroll            |       |    11 |     6 |     9 |     7 ||    33
       Potion            |       |     1 |       |     2 |     1 ||     4
 Stab: Sleeping          |     1 |       |       |       |       ||     1
       Distracted        |       |       |       |     1 |       ||     1
Armor: Leather armour    |    10 |       |       |       |       ||    10
       Ring mail         |     7 |       |       |       |       ||     7
       Chain mail        |    25 |    35 |    69 |    30 |       ||   159
       Plate armour      |       |       |       |   238 |   154 ||   392
Dodge: Dodged            |    37 |    27 |    57 |   197 |   151 ||   469

Table legend: (Time is in decaauts)
 A = Elapsed time spent in this place.
 B = Non-inter-level travel time spent in this place.
 C = Inter-level travel time spent in this place.
 D = Time resting spent in this place.
 E = Time spent auto-exploring this place.
 F = Levels seen in this place.
 G = Mean time per level.
                   A        B        C        D        E       F      G
               +--------+--------+--------+--------+--------+-----+--------+
         Total |  20258 |  19678 |    580 |   4270 |  13027 |  17 | 1191.6 |
       Dungeon |  12309 |  11897 |    412 |   2439 |   7891 |  11 | 1119.0 |
          Lair |   7947 |   7779 |    168 |   1831 |   5136 |   5 | 1589.4 |
         Abyss |      1 |      1 |      0 |      0 |      0 |   1 |    1.0 |
               +--------+--------+--------+--------+--------+-----+--------+

Top non-repeatable levels by time:
  Lair:1: 2620 daAuts
     D:9: 1959 daAuts
    D:11: 1952 daAuts
  Lair:4: 1749 daAuts
  Lair:3: 1565 daAuts
     D:8: 1297 daAuts
     D:7: 1205 daAuts
     D:6: 1096 daAuts
  Lair:2: 1021 daAuts
  Lair:5: 991 daAuts
     D:3: 918 daAuts
    D:10: 798 daAuts
     D:4: 794 daAuts
     D:2: 788 daAuts
     D:1: 769 daAuts
